 Dungeon Crawl Stone Soup version 0.29-a0-923-g6e406bff71 (webtiles) character file.

Game seed: 13881933549304986327

571 valliere the Ruffian (level 7, -28/67 HPs)
             Began as a Troll Fighter on July 27, 2022.
             Was an Elder of Zin.
             Annihilated by an ogre
             ... wielding a +0 giant club
              (29 damage)
             ... on level 5 of the Dungeon.
             The game lasted 00:07:04 (2840 turns).

valliere the Ruffian (Troll Fighter)                Turns: 2840, Time: 00:07:04

Health: -28/67     AC:  4    Str: 27    XL:     7   Next: 12%
Magic:  6/6        EV:  9    Int:  4    God:    Zin [****..]
Gold:   263        SH:  7    Dex:  9    Spells: 6/6 levels left

rFire   . . .      SeeInvis .     - Unarmed
rCold   . . .      Faith    .   b - +0 kite shield
rNeg    . . .      Spirit   .   a - +0 robe
rPois   .          Reflect  .   (helmet restricted)
rElec   .          Harm     .   g - scarf {repulsion}
rCorr   +          Rampage  .   (gloves unavailable)
Will    .....                   (boots unavailable)
Stlth   +.........              (no amulet)
HPRegen 1.01/turn               i - ring of resist corrosion
MPRegen 0.10/turn               (no ring)

@: lethally poisoned (-28 -> -29), repel missiles
A: large, unfitting armour, claws 3, regeneration 1, shaggy fur 1, tough skin 1
a: Renounce Religion, Recite, Vitalisation, Imprison, Donate Gold


You were on level 5 of the Dungeon.
You worshipped Zin.
Zin was greatly pleased with you.
You visited 1 branch of the dungeon, and saw 5 of its levels.

You collected 292 gold pieces.
You donated 29 gold pieces to Zin.

Inventory:

Missiles
 f - a throwing net (quivered)
 l - 2 boomerangs
Armour
 a - a +0 robe (worn)
 b - a +0 kite shield (worn)
 d - a +0 pair of boots
 g - a scarf of repulsion (worn)
Jewellery
 i - a ring of resist corrosion (left claw)
 n - a ring of magical power
Wands
 j - a wand of charming (8)
Scrolls
 e - 2 scrolls of magic mapping
 p - 2 scrolls of identify
Potions
 c - a potion of might
 m - 2 potions of haste
 o - a potion of flight {unknown}
 q - a potion of lignification {unknown}


   Skills:
 + Level 3.5 Fighting
 + Level 2.0 Throwing
 + Level 3.5 Dodging
 + Level 4.0 Shields
 * Level 4.9 Unarmed Combat


You had 6 spell levels left.
You didn't know any spells.
Your spell library contained the following spells:

 Spells                   Type           Power      Damage    Failure   Level
 Beastly Appendage        Tmut           0%         N/A       78%         1
 Wereblood                Tmut           0%         N/A       89%         2
 Gell's Gravitas          Tloc           0%         N/A       98%         3
 Spider Form              Tmut/Pois      0%         N/A       98%         3
 Teleport Other           Tloc           0%         N/A       98%         3
 Dispersal                Tloc           0%         N/A       100%        6


Dungeon Overview and Level Annotations

Branches:
Dungeon (5/15)
 Temple: D:4-7

Altars:
Xom
Yredelemnul
Zin

Annotations:
D:4 3 runed translucent doors, lesaewzxc's ghost, amateur KoBe


Innate Abilities, Weirdness & Mutations

You are too large for most types of armour.
You have claws for hands.
Your natural rate of healing is unusually fast.
You are covered in fur. (AC +1)
You have tough skin. (AC +1)


Message History

The gnoll hits you from afar with a +0 spear!
You are too injured to fight recklessly!
You are too injured to fight recklessly!
You scratch the ogre.
The ogre is severely wounded.
You feel sick. The adder barely misses you.
The gnoll hits you from afar with a +0 spear!
* * * LOW HITPOINT WARNING * * *
You block the orc's attack.
You scratch the ogre.
The ogre is almost dead.
You feel sick. The adder barely misses you. You block the ogre's attack.
The gnoll hits you from afar with a +0 spear.
* * * LOW HITPOINT WARNING * * *
You block the orc's attack. The adder bites you.
* * * LOW HITPOINT WARNING * * *
As you read the scroll labelled TOCAENIGRA, it crumbles to dust.
The creatures around you are filled with an inner flame!
It was a scroll of immolation.
You feel sick. The gnoll barely misses you. The ogre misses you.
You block the orc's attack. You block the adder's attack.
Unknown command.
As you read the scroll labelled USSUPP HITU, it crumbles to dust.
You hear the tinkle of a tiny bell.
It was a scroll of butterflies.
You feel sick. The adder barely misses you.
The gnoll hits you from afar with a +0 spear!
* * * LOW HITPOINT WARNING * * *
The orc hits you with a +0 whip.
* * * LOW HITPOINT WARNING * * *
Unknown command.
Unknown command.
You swap places.
* * * LOW HITPOINT WARNING * * *
You feel sick. The adder misses your butterfly. You block the ogre's attack.
You block the orc's attack.
The gnoll hits your butterfly with a +0 spear.
Your butterfly dies!
Your butterfly disappears in a burst of colours!
You swap places.
The ogre attacks as you move away!
The ogre hits you with a +0 giant club!!
You die...

#####...##
#. ##..##
#.. ##...#
#..#
#....##
#..#
#..##..##
#..# #..#
##b.##..#
#..#
##bb.b#
#..#
#bbo## ..#
#b@b# ..
#..OS#


#bbbb.g# #..####... ..## #.... ..# ..... ### .... .... You could see an ogre
(inner flame, ally target), a gnoll (inner flame), an adder (inner flame) and an
orc (inner flame, ally target).

Vanquished Creatures
  Grinder (D:5)
  2 necrophages (D:4)
  A jelly (D:5)
  A hound (D:4)
  An iguana (D:4)
  3 adders
  5 gnolls
  A white imp (D:5)
  2 dart slugs
  10 orcs
  5 bats
  9 endoplasms
  2 giant cockroaches
  6 hobgoblins
  12 jackals
  4 quokkas
  4 ball pythons
  A frilled lizard (D:2)
  4 goblins
  3 kobolds
  7 rats
84 creatures vanquished.

Notes
Turn   | Place    | Note
-------+----------+-------------------------------------------
     0 | D:1      | valliere the Troll Fighter began the quest for the Orb.
     0 | D:1      | Reached XP level 1. HP: 22/22 MP: 0/0
    36 | D:1      | Found a faded altar of an unknown god.
    64 | D:1      | Prayed at the altar of an unknown god.
    64 | D:1      | Became a worshipper of Zin the Law-Giver
    64 | D:1      | Reached * piety under Zin
   367 | D:1      | Reached XP level 2. HP: 29/29 MP: 1/1
   615 | D:2      | Reached XP level 3. HP: 36/36 MP: 2/2
   882 | D:2      | Reached ** piety under Zin
  1265 | D:3      | Reached XP level 4. HP: 43/44 MP: 3/3
  1862 | D:4      | Noticed a necrophage
  1877 | D:4      | Killed a necrophage
  1878 | D:4      | Reached XP level 5. HP: 53/53 MP: 4/4
  1901 | D:4      | HP: 1/53 [poisoned by you (poison gas)]
  1972 | D:4      | Reached skill level 1 in Throwing
  2011 | D:4      | Reached *** piety under Zin
  2228 | D:4      | Found a shimmering altar of Xom.
  2228 | D:4      | Found a basalt altar of Yredelemnul.
  2291 | D:4      | Reached XP level 6. HP: 55/61 MP: 5/5
  2327 | D:4      | Found a runed translucent gate.
  2327 | D:4      | Identified the +1 leather armour of Hedonism {+Inv rF+ rC-
                  | Dex+7 Slay-6}
  2327 | D:4      | Noticed lesaewzxc's ghost (amateur KoBe)
  2328 | D:4      | Found a runed translucent gate.
  2329 | D:4      | Found a runed translucent gate.
  2625 | D:5      | Entered Level 5 of the Dungeon
  2700 | D:5      | Reached **** piety under Zin
  2792 | D:5      | Noticed Grinder
  2799 | D:5      | Killed Grinder
  2827 | D:5      | Reached XP level 7. HP: 66/67 MP: 6/6
  2838 | D:5      | HP: 1/67 [orc/+0 whip (4)]
  2840 | D:5      | Annihilated by an ogre

Illustrated notes

Levels and vault maps discovered:
D:1:      lightli_arrival_chessboard, layout_basic,
          hellmonk_ecumenical_altar_zigzags
D:2:      layout_loops_ring, kennysheep_generic_room_8
D:3:      layout_loops_ring
D:4:      layout_cave_pools, gammafunk_temple_overflow_wave,
          biasface_ghost_orc_armoury, sigmund_army
D:5:      layout_layer_cave, serial_shops, shop, nicolae_shop_advertising_works
          [nicolae_subvault_shop_adworks], minmay_holes, uniq_grinder

Skill      XL: |  1  2  3  4  5  6  7 |
---------------+----------------------+-----
Shields        | 3 4 |  4.0
Unarmed Combat | 3 4 |  4.9
Fighting       | 3 |  3.5
Dodging        | 3 |  3.5
Throwing       | 1 2 |  2.0

Action                   |  1- 3 |  4- 6 |  7- 9 || total
-------------------------+-------+-------+-------++-------
Melee: Unarmed           |    99 |   114 |    10 ||   223
  Use: Scroll            |     4 |     1 |     2 ||     7
       Potion            |       |     1 |       ||     1
Armor: Robe              |    25 |    25 |     2 ||    52
Dodge: Dodged            |    31 |    55 |    11 ||    97
Block: Kite shield       |    32 |    34 |    16 ||    82

Table legend: (Time is in decaauts)
 A = Elapsed time spent in this place.
 B = Non-inter-level travel time spent in this place.
 C = Inter-level travel time spent in this place.
 D = Time resting spent in this place.
 E = Time spent auto-exploring this place.
 F = Levels seen in this place.
 G = Mean time per level.
                   A        B        C        D        E       F      G
               +--------+--------+--------+--------+--------+-----+--------+
         Total |   2854 |   2722 |    132 |     38 |   2112 |   5 |  570.8 |
       Dungeon |   2854 |   2722 |    132 |     38 |   2112 |   5 |  570.8 |
               +--------+--------+--------+--------+--------+-----+--------+

Top non-repeatable levels by time:
     D:3: 759 daAuts
     D:4: 707 daAuts
     D:2: 666 daAuts
     D:1: 504 daAuts
     D:5: 216 daAuts
